 Dungeon Crawl Stone Soup version 0.20.1-1-g8b1a95d (webtiles) character file.

62328 dohliylev the Unseen (level 14, -10/98 HPs)
             Began as a Vampire Enchanter on Dec 7, 2017.
             Was a High Priest of Makhleb.
             Mangled by a spriggan rider
             ... wielding a cursed -2 spear
              (12 damage)
             ... on level 1 of the Swamp.
             The game lasted 02:22:38 (27560 turns).

dohliylev the Unseen (Vampire Enchanter)           Turns: 27560, Time: 02:22:40

Health: -10/98     AC:  9    Str:  7    XL:     14   Next: 63%
Magic:  0/26       EV: 23    Int: 17    God:    Makhleb [*****.]
Gold:   1285       SH:  6    Dex: 22    Spells: 5/29 levels left

rFire    . . .     SeeInvis +   b - +9 dagger (speed)
rCold    + + .     Gourm    .   C - +0 buckler
rNeg     + . .     Faith    .   n - +2 robe of Awe {rElec rN+ Dex+2}
rPois    .         Spirit   +   k - +2 hat {MR+}
rElec    +         Reflect  .   A - scarf {rC+ rF+}
rCorr    .         Harm     .   F - +1 pair of gloves (curse)
MR       ++...                  s - +0 pair of boots
Stlth    +++++++...             q - amulet of guardian spirit
Regen    0.5/turn               z - +1 ring of evasion
MPRegen  0.2/turn               W - ring of ice

@: regenerating quickly
A: fangs 3, see invisible, unbreathing
a: Minor Destruction, Lesser Servant of Makhleb, Major Destruction, Greater
Servant of Makhleb, Renounce Religion


You were on level 1 of the Swamp.
You worshipped Makhleb.
Makhleb was extremely pleased with you.
You were full.

You visited 4 branches of the dungeon, and saw 18 of its levels.

You collected 1384 gold pieces.
You spent 99 gold pieces at shops.

Inventory:

Hand Weapons
 a - a +3 dagger of electrocution
 b - a +9 dagger of speed (weapon)
Armour
 k - a +2 hat of magic resistance (worn)
 n - the +2 robe of Awe (worn) {rElec rN+ Dex+2}
   (You found it on level 2 of the Lair of Beasts)

   It affects your dexterity (+2).
   It insulates you from electricity.
   It protects you from negative energy.
 s - a +0 pair of boots (worn)
 A - a scarf of resistance (worn)
 C - a +0 buckler (worn)
 F - a cursed +1 pair of gloves (worn)
Jewellery
 q - an amulet of guardian spirit (around neck)
 r - an uncursed ring of protection from magic
 y - an uncursed ring of poison resistance
 z - a +1 ring of evasion (left hand)
 I - an uncursed ring of protection from fire
 W - a ring of ice (right hand)
 Z - the amulet "Noshy" {rPois Regen+}
   (You found it on level 6 of the Lair of Beasts)

   [amulet of regeneration]

   It protects you from poison.
   It increases your rate of regeneration.
Wands
 g - a wand of acid (5/15)
 h - a wand of lightning (7/15)
 w - a wand of flame (29/48)
 B - a wand of lightning (5/15)
 H - a wand of enslavement (10/24)
 N - a wand of digging (8/24)
 P - a wand of lightning (7/15)
Scrolls
 e - 12 scrolls of remove curse
 i - 7 scrolls of teleportation
 l - 3 scrolls of blinking
 m - 2 scrolls of fog
 t - 7 scrolls of magic mapping
 u - 5 scrolls of enchant armour
 v - 2 scrolls of recharging
 J - 2 scrolls of fear
 M - 2 scrolls of silence
Potions
 d - 12 potions of blood
 f - a potion of lignification {unknown}
 o - 2 potions of heal wounds {unknown}
 p - 6 potions of curing {unknown}
 x - 4 potions of berserk rage {unknown}
 D - 2 potions of invisibility {unknown}
 E - 2 potions of resistance {unknown}
 K - 3 potions of cancellation {unknown}
 O - 2 potions of might
 R - 3 potions of brilliance {unknown}
 S - 2 potions of ambrosia {unknown}
 V - 4 potions of flight {unknown}
 X - 4 potions of haste {unknown}
 Y - 5 potions of degeneration {unknown}
Books
 c - a book of Burglary

   Spells                             Type                      Level
   a - Swiftness                      Charms/Air                   2
   b - Passwall                       Transmutation/Earth          2
   c - Passage of Golubria            Translocation                4
   d - Lee's Rapid Deconstruction     Earth                        5
   e - Darkness                       Hexes                        6
   f - Invisibility                   Hexes                        6
 j - a book of Ice

   Spells                             Type                      Level
   a - Ice Form                       Ice/Transmutation            4
   b - Metabolic Englaciation         Hexes/Ice                    5
   c - Ozocubu's Refrigeration        Ice                          6
   d - Bolt of Cold                   Conjuration/Ice              6
   e - Freezing Cloud                 Conjuration/Ice/Air          6
   f - Simulacrum                     Ice/Necromancy               6
Miscellaneous
 L - a lightning rod (4/4)
 T - a phial of floods


   Skills:
 - Level 5.0 Fighting
 - Level 8.3 Short Blades
 + Level 10.2 Dodging
 - Level 18.2 Stealth
 - Level 4.0 Shields
 - Level 8.0 Spellcasting
 - Level 10.0 Hexes
 - Level 1.0 Translocations
 - Level 6.2 Ice Magic
 + Level 12.8 Invocations


You had 5 spell levels left.
You knew the following spells:

 Your Spells              Type           Power        Failure   Level  Hunger
a - Corona                Hex            #####..      1%          1    None
b - Ensorcelled Hibernat  Hex/Ice        ######       1%          2    None
c - Confuse               Hex            #####...     1%          3    #......
d - Metabolic Englaciati  Hex/Ice        ######....   11%         5    #####..
e - Invisibility          Hex            #####...     26%         6    ######.
f - Apportation           Tloc           ##....       7%          1    None
g - Tukima's Dance        Hex            #####...     1%          3    #......
h - Ignite Poison         Fire/Tmut/Pois #.......     30%         3    #......


Dungeon Overview and Level Annotations

Branches:
Dungeon (10/15)            Temple (1/1) D:6            Lair (6/6) D:10
  Swamp (1/4) Lair:4        Snake (0/4) Lair:2        Slime (0/5) Lair:6
    Orc: D:9-12

Altars:
Ashenzari
Cheibriados
Dithmenos
Elyvilon
Fedhas
Gozag
Hepliaklqana
Kikubaaqudgha
Makhleb
Nemelex Xobeh
Okawaru
Qazlal
Ru
Sif Muna
Trog
Uskayaw
Vehumet
Xom
Yredelemnul
Zin
The Shining One
Jiyva

Shops:
D:5 [

Annotations:
Swamp:1 1 transporter


Innate Abilities, Weirdness & Mutations

Your natural rate of healing is unusually fast.
You have razor-sharp teeth.
You have supernaturally acute eyesight. (SInv)
You can survive without breathing.


Message History

Aiming: Ensorcelled Hibernation
Press: ? - help, Shift-Dir - straight line, f - spriggan rider
Aim: a spriggan rider, wielding a spear (chance to defeat MR: 11%)
You feel a surge of power!
The spriggan rider resists with almost no effort.
You hear a distant "Zot"! x2
The insubstantial wisp hits your neqoxec.
Your neqoxec completely misses the insubstantial wisp.
You hear a distant "Zot"! x3
The spriggan rider closely misses you. The bog body hits your neqoxec.
The bog body barely misses your neqoxec.
You hear a distant "Zot"!
The insubstantial wisp blinks!
Your neqoxec hits the bog body.
You hear a distant "Zot"!
The spriggan rider hits you with a spear!
* * * LOW HITPOINT WARNING * * *
You hear a distant "Zot"!
Your neqoxec hits the bog body!
The spriggan rider hits you from afar with a spear!
You die...

,** ######.♣♣♣♣≈≈≈≈.≈≈≈♣
,,*** #<♣ ♣.....≈≈.♣
**,,**###* #♣♣ ♣♣...≈≈≈.♣
,,,,,*=^$###*♣♣♣♣♣....≈.♣♣
,,,,,*^[^###♣♣.♣♣≈...♣≈≈♣
,,,,,+)^$###....♣....≈♣♣♣
,,,,,*^(©###..≈♣.≈≈..♣♣
,,,,,+}^$###...v≈≈≈..♣♣♣*
,,,,,*^(.###≈♣i.@....≈.≈**
,,,,,*)^"###≈..≈.≈≈≈.♣♣≈!**
**,,**##** #vn3§..≈≈≈(♣≈≈.*
,,*** #.v♣♣♣♣≈≈≈..≈≈.* ,**
######.♣.≈.♣.≈..n.,** **
###≈≈≈...♣≈≈.♣.≈≈≈.♣**
##.≈≈≈.>.♣♣..♣≈.≈≈≈≈.*
####.≈≈≈≈...≈♣≈§♣*.≈≈≈≈.*
≈....≈≈≈.....♣..≈*≈.≈,,,*


You could see a spriggan rider, 2 bog bodies, 3 insubstantial wisps and a
friendly neqoxec.

Vanquished Creatures
  Gastronok (Lair:2)
  Snorg (Lair:3)
  5 hydras
  A ghost crab (Swamp:1)
  A merfolk avatar (Lair:6)
  3 two-headed ogres
  An alligator (Swamp:1)
  10 death yaks
  Urug (Lair:5)
  Nergalle (Lair:4)
  A sea snake (Lair:6)
  Pikel (D:7)
  A wolf spider zombie (D:10)
  2 manticores (Lair:6)
  7 elephants
  6 black mambas
  A torpor snail (Lair:4)
  13 spiny frogs
  3 rime drakes
  10 komodo dragons
  A troll (D:9)
  2 tyrant leeches (Swamp:1)
  A tengu conjurer (D:10)
  6 polar bears
  A wind drake (Lair:6)
  6 slime creatures
  A hornet (Lair:6)
  6 dream sheep (Lair:6)
  Prince Ribbit (D:8)
  7 hippogriffs
  12 blink frogs
  A vampire (D:9)
  4 wyverns
  70 yaks
  Eustachio (D:4)
  3 basilisks
  Grum (D:8)
  Menkaure (D:4)
  Duvessa (D:4)
  24 water moccasins
  20 porcupines
  A swamp drake (Swamp:1)
  3 ice beasts
  An orc warrior (D:7)
  An eye of draining (Lair:6)
  An ogre (D:10)
  2 phantoms
  2 black bears
  A centaur (D:10)
  19 wolves
  19 crocodiles
  Blork the orc (D:5)
  3 big kobolds
  21 bullfrogs
  Dowan (D:4)
  A wyvern zombie (D:10)
  3 scorpions
  A water moccasin skeleton (D:6)
  An electric eel (Lair:1)
  8 crimson imps
  A howler monkey (D:9)
  A bullfrog zombie (D:7)
  2 gnoll shamans
  3 centaur zombies
  2 centaur skeletons
  4 jellies
  2 bullfrog skeletons
  4 orc priests
  3 hounds
  11 orc wizards
  2 hell rats (Lair:3)
  3 worker ants
  A killer bee zombie (D:9)
  The ghost of dscm the Covered, a weakling DsFi (D:4)
  3 hound skeletons
  A worker ant zombie (D:3)
  13 gnolls
  16 adders
  6 river rats (Lair:3)
  3 oozes
  2 adder skeletons
  6 worms
  2 dart slugs
  3 leopard geckos
  39 orcs
  7 giant cockroaches
  2 goblins
  5 hobgoblins
  15 jackals
  5 quokkas
  2 ball pythons
  6 bats
  10 frilled lizards
  19 kobolds
  A leopard gecko skeleton (D:9)
  A leopard gecko zombie (D:5)
  A quokka skeleton (D:4)
  9 rats
  A plant (Lair:6)
548 creatures vanquished.

Vanquished Creatures (collateral kills)
  4 oklob plants (Lair:1)
  2 kobolds (D:10)
  A plant (Lair:1)
7 creatures vanquished.

Vanquished Creatures (others)
  A black bear (D:7)
  2 slaves (D:7)
  A centaur (D:7)
  An orc priest (D:3)
  An adder zombie (D:7)
  A dart slug (D:3)
  6 orcs
  A hobgoblin (D:3)
  3 kobolds (D:7)
  A quokka (D:7)
  26 fungi
  34 plants
78 creatures vanquished.

Grand Total: 633 creatures vanquished

Notes
Turn   | Place    | Note
-------+----------+-------------------------------------------
     0 | D:1      | dohliylev the Vampire Enchanter began the quest for the Orb.
     0 | D:1      | Reached XP level 1. HP: 13/13 MP: 3/3
   486 | D:1      | Reached skill level 5 in Hexes
   486 | D:1      | Reached XP level 2. HP: 19/19 MP: 3/5
   492 | D:1      | Learned a level 2 spell: Ensorcelled Hibernation
  1052 | D:2      | Reached XP level 3. HP: 25/25 MP: 2/6
  1388 | D:2      | Found a bloodstained altar of Trog.
  1459 | D:3      | Found a radiant altar of Vehumet.
  1768 | D:3      | Reached XP level 4. HP: 18/31 MP: 3/8
  1773 | D:3      | Learned a level 3 spell: Confuse
  1854 | D:3      | Reached skill level 1 in Ice Magic
  2488 | D:3      | Reached XP level 5. HP: 36/36 MP: 5/10
  2752 | D:4      | Noticed dscm's ghost (weakling DsFi)
  2968 | D:4      | Noticed Duvessa
  2968 | D:4      | Noticed Dowan
  3142 | D:3      | Reached skill level 5 in Stealth
  3607 | D:3      | Reached XP level 6. HP: 36/42 MP: 5/12
  3763 | D:4      | Noticed Menkaure
  3969 | D:3      | Reached skill level 6 in Stealth
  4545 | D:3      | Learned a level 1 spell: Summon Small Mammal
  4552 | D:3      | Learned a level 1 spell: Animate Skeleton
  4554 | D:3      | Learned a level 1 spell: Apportation
  4558 | D:3      | Learned a level 3 spell: Tukima's Dance
  4929 | D:4      | Reached skill level 7 in Stealth
  4976 | D:5      | Entered Level 5 of the Dungeon
  5368 | D:5      | Reached skill level 8 in Stealth
  5593 | D:5      | Found a shadowy altar of Dithmenos.
  5644 | D:5      | Noticed a water moccasin
  5649 | D:5      | Killed a water moccasin
  5649 | D:5      | Reached skill level 9 in Stealth
  5649 | D:5      | Reached XP level 7. HP: 37/47 MP: 5/13
  5776 | D:5      | Noticed Blork the orc
  6025 | D:5      | Found a glowing golden altar of the Shining One.
  6180 | D:5      | Killed Blork the orc
  6180 | D:5      | Reached skill level 10 in Stealth
  6423 | D:5      | Reached skill level 11 in Stealth
  6677 | D:5      | Found Oqosac's Antique Armour Shoppe.
  6683 | D:5      | Bought a buckler for 99 gold pieces
  6834 | D:5      | Reached XP level 8. HP: 45/53 MP: 5/14
  6971 | D:4      | Found an iron altar of Okawaru.
  7132 | D:4      | Killed Duvessa
  7132 | D:4      | Reached skill level 12 in Stealth
  7145 | D:4      | Killed Dowan
  7446 | D:4      | Noticed Eustachio
  7457 | D:4      | Killed Eustachio
  7457 | D:4      | Reached skill level 5 in Dodging
  7504 | D:4      | Killed dscm's ghost
  7569 | D:4      | Killed Menkaure
  7783 | D:4      | Got a brightly glowing plate armour
  8170 | D:5      | Identified the +2 plate armour of Inviolability {rElec rPois MP+9 Dex-5} (You took it off a gnoll on level 4 of the Dungeon)
  8264 | D:6      | Reached skill level 1 in Fighting
  8446 | D:6      | Found a staircase to the Ecumenical Temple.
  8454 | Temple   | Entered the Ecumenical Temple
  8485 | Temple   | Became a worshipper of Makhleb the Destroyer
  9193 | D:7      | Reached XP level 9. HP: 59/59 MP: 8/15
  9336 | D:7      | Found a shadowy altar of Dithmenos.
  9684 | D:7      | Found a stormy altar of Qazlal.
  9743 | D:7      | Noticed Pikel
  9763 | D:7      | Killed Pikel
  9763 | D:7      | Reached skill level 1 in Shields
  9802 | D:7      | Reached skill level 5 in Short Blades
 10519 | D:8      | Noticed Prince Ribbit
 10526 | D:8      | Killed Prince Ribbit
 10728 | D:8      | Noticed Grum
 10838 | D:8      | Killed Grum
 11094 | D:8      | Noticed a two-headed ogre
 11102 | D:8      | Killed a two-headed ogre
 11102 | D:8      | Reached XP level 10. HP: 54/71 MP: 9/16
 11297 | D:8      | Reached * piety under Makhleb
 11718 | D:8      | Noticed a two-headed ogre
 11721 | D:8      | Killed a two-headed ogre
 12278 | D:9      | Reached skill level 5 in Fighting
 12564 | D:9      | Found an opulent altar of Gozag.
 12939 | D:9      | Reached skill level 13 in Stealth
 12939 | D:9      | Reached skill level 5 in Spellcasting
 13178 | D:10     | Entered Level 10 of the Dungeon
 13180 | D:10     | Reached ** piety under Makhleb
 13358 | D:10     | Found a staircase to the Lair.
 13380 | D:10     | Reached XP level 11. HP: 79/79 MP: 4/19
 13456 | D:9      | Reached skill level 14 in Stealth
 13867 | D:10     | Reached skill level 1 in Invocations
 14181 | D:10     | Noticed a two-headed ogre
 14206 | D:10     | Killed a two-headed ogre
 14364 | D:10     | Reached *** piety under Makhleb
 14380 | D:10     | Reached skill level 15 in Stealth
 15065 | Lair:1   | Entered Level 1 of the Lair of Beasts
 15065 | Lair:1   | Noticed an oklob plant
 15065 | Lair:1   | Noticed an oklob plant
 15136 | Lair:1   | Reached skill level 5 in Invocations
 15748 | Lair:1   | Noticed an oklob plant
 15748 | Lair:1   | Noticed an oklob plant
 15777 | Lair:1   | Killed an oklob plant
 15794 | Lair:1   | Killed an oklob plant
 15810 | Lair:1   | Killed an oklob plant
 15810 | Lair:1   | Reached skill level 1 in Translocations
 15810 | Lair:1   | Reached XP level 12. HP: 85/86 MP: 14/21
 16546 | Lair:2   | Noticed Gastronok
 16906 | Lair:2   | Reached **** piety under Makhleb
 17044 | Lair:2   | Reached skill level 16 in Stealth
 18261 | Lair:2   | Killed Gastronok
 18706 | Lair:2   | Got a faintly humming robe
 18717 | Lair:2   | Identified the +2 robe of Awe {rElec rN+ Dex+2} (You found it on level 2 of the Lair of Beasts)
 18769 | Lair:2   | Found a staircase to the Snake Pit.
 18780 | Lair:2   | Reached skill level 5 in Ice Magic
 19003 | Lair:2   | Reached skill level 10 in Hexes
 19213 | Lair:3   | Noticed Snorg
 19219 | Lair:3   | Killed Snorg
 19372 | Lair:3   | Reached ***** piety under Makhleb
 19372 | Lair:3   | Reached XP level 13. HP: 91/91 MP: 22/25
 20190 | Lair:4   | Reached skill level 17 in Stealth
 20627 | Lair:4   | Found a staircase to the Swamp.
 20842 | Lair:4   | Noticed Nergalle
 20878 | Lair:4   | Killed Nergalle
 20878 | Lair:4   | Reached skill level 18 in Stealth
 22414 | Lair:5   | Identified a scroll of acquirement
 22423 | Lair:5   | Learned a level 5 spell: Metabolic Englaciation
 22472 | Lair:5   | Noticed Urug
 22479 | Lair:5   | Killed Urug
 22876 | Lair:5   | Reached skill level 10 in Invocations
 23686 | Lair:6   | Entered Level 6 of the Lair of Beasts
 23705 | Lair:6   | Reached XP level 14. HP: 98/98 MP: 17/26
 24470 | Lair:6   | Reached skill level 10 in Dodging
 24649 | Lair:6   | Reached ****** piety under Makhleb
 24854 | Lair:6   | Found a viscous altar of Jiyva.
 24855 | Lair:6   | Found a staircase to the Slime Pits.
 25867 | Lair:6   | Got a fine hand axe
 25887 | Lair:6   | Identified the +6 hand axe of Courage {freeze, +Fly rPois rN+} (You found it on level 6 of the Lair of Beasts)
 25895 | Lair:6   | Got a scorched bronze amulet
 25902 | Lair:6   | Identified the amulet "Noshy" {rPois Regen+} (You found it on level 6 of the Lair of Beasts)
 25939 | Lair:6   | Learned a level 6 spell: Invisibility
 25945 | Lair:6   | Learned a level 3 spell: Ignite Poison
 27440 | Swamp:1  | Entered Level 1 of the Swamp
 27484 | Swamp:1  | Found a transporter.
 27559 | Swamp:1  | HP: 2/98 [spriggan rider/spear (17)]
 27560 | Swamp:1  | Mangled by a spriggan rider

Skill      XL: |  1  2  3  4  5  6  7  8  9 10 11 12 13 14 |
---------------+-------------------------------------------+-----
Hexes          | 5 6 7 8 10 | 10.0
Spellcasting   | 3 4 5 6 8 |  8.0
Ice Magic      | 1 2 3 6 |  6.2
Stealth        | 5 9 11 12 13 15 16 18 | 18.2
Dodging        | 6 8 9 10 | 10.2
Short Blades   | 3 7 8 |  8.3
Fighting       | 1 3 5 |  5.0
Shields        | 2 4 |  4.0
Invocations    | 6 8 10 12 | 12.8
Translocations | 1 |  1.0

Action                   |  1- 3 |  4- 6 |  7- 9 | 10-12 | 13-15 || total
-------------------------+-------+-------+-------+-------+-------++-------
Melee: Dagger            |   108 |   121 |   162 |   342 |   314 ||  1047
       Bite              |     8 |     3 |     8 |    25 |    26 ||    70
       Unarmed           |       |       |       |       |     4 ||     4
 Cast: Corona            |    11 |    18 |    37 |    24 |    11 ||   101
       Ensorcelled Hiber |    39 |    84 |   100 |   257 |   282 ||   762
       Confuse           |       |    10 |    16 |    20 |    19 ||    65
       Summon Small Mamm |       |     2 |       |       |       ||     2
       Apportation       |       |       |       |    11 |       ||    11
       Tukima's Dance    |       |       |       |     1 |       ||     1
Invok: Minor Destruction |       |       |       |    84 |   158 ||   242
       Lesser Servant of |       |       |       |     2 |     4 ||     6
       Major Destruction |       |       |       |     1 |       ||     1
       Greater Servant o |       |       |       |       |     1 ||     1
 Abil: Bat Form          |       |     1 |     1 |     1 |    16 ||    19
       End Transformatio |       |     1 |     1 |     1 |    15 ||    18
  Use: Scroll            |       |     3 |     6 |    11 |     8 ||    28
       Potion            |       |     1 |     4 |     2 |    17 ||    24
 Stab: Sleeping          |    22 |    51 |    60 |   145 |   141 ||   419
       Distracted        |     1 |       |       |       |       ||     1
       Confused          |       |     6 |     5 |     9 |    13 ||    33
  Eat: Corpse            |    15 |    11 |    17 |    30 |     7 ||    80
Armor: Robe              |    26 |    24 |    32 |    42 |    42 ||   166
Dodge: Dodged            |    72 |    84 |   106 |   193 |   271 ||   726
Block: Buckler           |       |       |    23 |    77 |    82 ||   182
